 Dungeon Crawl Stone Soup version 0.21.3-3-g218456f21e (webtiles) character file.

2386 CurlyBrace the Skirmisher (level 9, 0/43 HPs)
             Began as a Felid Earth Elementalist on Mar 8, 2021.
             Was a Priest of Cheibriados.
             Shot with an arrow by a centaur (12 damage)
             ... on level 11 of the Dungeon.
             The game lasted 00:49:05 (3045 turns).

CurlyBrace the Skirmisher (FeEE)                    Turns: 3045, Time: 00:49:06

Health: 0/43       AC:  2    Str: 11    XL:     9   Next: 22%
Magic:  21/25      EV: 24    Int: 25    God:    Cheibriados [***...]
Gold:   800        SH:  0    Dex: 22    Spells: 4/16 levels left
                                        Lives:  0   Deaths: 2

rFire    . . .     SeeInvis +     - Unarmed
rCold    . . .     Gourm    .   (shield unavailable)
rNeg     + . .     Faith    .   (armour unavailable)
rPois    .         Spirit   .   (helmet unavailable)
rElec    .         Reflect  .   (cloak unavailable)
rCorr    .         Harm     .   (gloves unavailable)
MR       +....                  (boots unavailable)
Stlth    ++++......             l - amulet of magic regeneration
HPRegen  0.14/turn              a - ring of magical power
MPRegen  0.44/turn              r - ring of positive energy

@: very slow
A: very small, no armour, no weapons or thrown items, stealth, claws 1, fangs 3,
see invisible, carnivore, speed 1, shaggy fur 2, slow metabolism 1, sharp paws
a: Bend Time, Temporal Distortion, Renounce Religion


You were on level 11 of the Dungeon.
You worshipped Cheibriados.
Cheibriados was most pleased with you.
You were not hungry.

You visited 2 branches of the dungeon, and saw 13 of its levels.

You collected 800 gold pieces.

Inventory:

Missiles
 b - 51 stones
 d - 113 arrows
Jewellery
 a - a ring of magical power (left paw)
   (You found it on level 11 of the Dungeon)
 l - an amulet of magic regeneration (around neck)
   (You found it on level 2 of the Dungeon)
 r - a ring of positive energy (right paw)
   (You found it on level 6 of the Dungeon)
Wands
 o - a wand of flame (34)
   (You found it on level 8 of the Dungeon)
Scrolls
 k - 3 scrolls of amnesia
 t - a scroll of teleportation
 x - 3 scrolls of remove curse
Potions
 c - a potion of agility
 f - 2 potions of brilliance
Books
 i - a book of Geomancy

   Spells                             Type                      Level
   a - Sandblast                      Earth                        1
   b - Passwall                       Transmutation/Earth          2
   c - Stone Arrow                    Conjuration/Earth            3
   d - Petrify                        Transmutation/Earth          4
   e - Lee's Rapid Deconstruction     Earth                        5
Comestibles
 e - 9 rations


   Skills:
 - Level 7.1 Fighting
 - Level 7.0 Dodging
 - Level 7.0 Stealth
 - Level 7.1 Unarmed Combat
 - Level 4.1 Spellcasting
 - Level 5.0 Transmutations
 + Level 5.5 Earth Magic
 - Level 1.0 Evocations


You had 4 spell levels left.
You knew the following spells:

 Your Spells              Type           Power        Failure   Level  Hunger
a - Sandblast             Erth           ####..       1%          1    None
b - Passwall              Tmut/Erth      ####......   1%          2    None
c - Petrify               Tmut/Erth      ####....     10%         4    ####...
d - Lee's Rapid Deconstr  Erth           ####......   26%         5    #####..


Dungeon Overview and Level Annotations

Branches:
Dungeon (11/15)            Temple (0/1) D:5            Lair (0/6) D:8
    Orc (2/2) D:11
    Elf: Orc:2

Altars:
Ashenzari
Cheibriados
Elyvilon
Gozag
Kikubaaqudgha
Sif Muna
Wu Jian
Beogh

Annotations:
D:7 exclusions: 2 orcs and orc priest
D:8 exclusion: killer bee
D:9 exclusion: door
D:11 exclusion: acid dragon
Orc:1 exclusion: 3 downstairs


Innate Abilities, Weirdness & Mutations

You cannot wear armour.
You are incapable of wielding weapons or throwing items.
Your paws allow you to move quietly. (Stealth)
You have sharp claws.
You have razor-sharp teeth.
You have supernaturally acute eyesight. (SInv)
You are carnivorous and can eat meat at any time.
You cover ground quickly.
You are covered in thick fur. (AC +2)
You have a slow metabolism.
Your sharp claws are effective at attacking unaware monsters.


Message History

An acid dragon comes into view.
Found 27 arrows.
Press: ? - help, . - travel You can't see that place. [the floor.] Placed new exclusion.
Found a glowing scarf.
Found a lumpy orange potion.
A centaur comes into view.
Found a stone staircase leading down.
You see here 27 arrows.
Casting: Passwall
Confirm with . or Enter, or press ? or * to list all spells.
Aiming: Petrify
Press: ? - help, Shift-Dir - straight line, f - centaur
Aim: a centaur (resting, chance to defeat MR: 60%)
The centaur shouts!
The centaur resists with significant effort.
The centaur wields a shortbow.
The centaur shoots an arrow.
The arrow hits you!
You die...

#......#...######.#
#.#....#..........#
#.#.#.##..#########
#.#.#.##...........
#.#.#.##.##########
# #.#.#.##.#
####>#.#.#....#
.......#.######
#.....@..#
#........#
#!.......#
#........#
#........#
#.......[+
#........#
#.cc.....#


You could see 2 centaurs.

Vanquished Creatures
  2 trolls
  2 hippogriffs
  A basilisk (D:8)
  A warg (Orc:1)
  12 orc warriors
  A hornet zombie (D:8)
  2 centaurs
  2 sky beasts
  3 phantoms
  6 ogres
  2 scorpions
  2 howler monkeys
  A bullfrog zombie (D:9)
  2 crimson imps (D:5)
  2 orc priests
  6 orc wizards
  2 hounds (D:5)
  A bullfrog skeleton (D:9)
  3 iguanas
  4 worker ants
  A hound skeleton (D:4)
  A gnoll (D:5)
  6 adders
  5 oozes
  3 dart slugs
  The ghost of CurlyBrace the Digger, a weakling FeEE (D:4)
  3 leopard geckos
  32 orcs
  5 giant cockroaches
  7 goblins
  3 hobgoblins
  A jackal (D:4)
  A quokka (D:5)
  4 frilled lizards
  2 kobolds
  3 rats
135 creatures vanquished.

Vanquished Creatures (others)
  A bush (D:8)
  2 fungi (D:8)
  9 plants (D:8)
12 creatures vanquished.

Grand Total: 147 creatures vanquished

Notes
Turn   | Place    | Note
-------+----------+-------------------------------------------
     0 | D:1      | CurlyBrace the Felid Earth Elementalist began the quest for the Orb.
     0 | D:1      | Reached XP level 1. HP: 7/7 MP: 4/4
    60 | D:1      | Reached XP level 2. HP: 8/12 MP: 0/6
    93 | D:1      | Learned a level 2 spell: Passwall
   250 | D:2      | Reached skill level 1 in Fighting
   250 | D:2      | Reached skill level 1 in Unarmed Combat
   262 | D:2      | Reached XP level 3. HP: 15/15 MP: 4/7
   464 | D:3      | Found a white marble altar of Elyvilon.
   516 | D:3      | Found an opulent altar of Gozag.
   516 | D:3      | Found a deep blue altar of Sif Muna.
   516 | D:3      | Found a snail-covered altar of Cheibriados.
   523 | D:3      | Became a worshipper of Cheibriados the Contemplative
   624 | D:1      | Reached XP level 4. HP: 16/19 MP: 8/8
   630 | D:1      | Learned a level 4 spell: Petrify
  1036 | D:5      | Entered Level 5 of the Dungeon
  1108 | D:4      | Reached * piety under Cheibriados
  1157 | D:4      | Noticed an ogre
  1176 | D:4      | Killed an ogre
  1176 | D:4      | Reached XP level 5. HP: 18/23 MP: 3/9
  1204 | D:4      | Noticed CurlyBrace's ghost (weakling FeEE)
  1218 | D:4      | Killed CurlyBrace's ghost
  1234 | D:4      | Reached skill level 1 in Evocations
  1248 | D:5      | Noticed an ogre
  1253 | D:5      | Gained mutation: You are covered in thick fur. (AC +2) [Felid growth]
  1253 | D:5      | Reached XP level 6. HP: 25/28 MP: 4/10
  1295 | D:5      | Noticed a sky beast
  1304 | D:5      | Killed a sky beast
  1304 | D:5      | Reached XP level 7. HP: 21/31 MP: 6/11
  1345 | D:5      | Slain by a gnoll sergeant
  1346 | D:5      | Reached XP level 6. HP: -1/28 MP: 10/10
  1346 | D:5      | Found a shattered altar of Ashenzari.
  1495 | D:7      | Noticed an orc warrior
  1496 | D:7      | Killed an orc warrior
  1496 | D:7      | Reached XP level 7. HP: 12/32 MP: 12/12
  1506 | D:6      | Learned a level 5 spell: Lee's Rapid Deconstruction
  1796 | D:5      | Found a staircase to the Ecumenical Temple.
  1810 | D:5      | Found an ancient bone altar of Kikubaaqudgha.
  1824 | D:5      | You fall through a shaft for 3 floors!
  1880 | D:8      | Reached XP level 8. HP: 25/36 MP: 7/14
  1895 | D:8      | Noticed a two-headed ogre
  1903 | D:8      | Found a staircase to the Lair.
  1922 | D:8      | Reached ** piety under Cheibriados
  1938 | D:8      | Reached skill level 5 in Fighting
  1938 | D:8      | Reached skill level 5 in Stealth
  1938 | D:8      | Reached skill level 5 in Unarmed Combat
  1961 | D:8      | Reached skill level 5 in Dodging
  2012 | D:10     | Entered Level 10 of the Dungeon
  2042 | D:10     | Noticed a hippogriff
  2049 | D:10     | Killed a hippogriff
  2232 | D:9      | Noticed a troll
  2232 | D:8      | Found an ornate altar of the Wu Jian Council.
  2244 | D:9      | Killed a troll
  2244 | D:9      | Reached XP level 9. HP: 20/41 MP: 14/16
  2497 | D:11     | Found a staircase to the Orcish Mines.
  2508 | Orc:1    | Entered Level 1 of the Orcish Mines
  2511 | Orc:2    | Entered Level 2 of the Orcish Mines
  2538 | Orc:1    | Noticed a troll
  2548 | Orc:1    | Killed a troll
  2548 | Orc:1    | Reached skill level 5 in Earth Magic
  2615 | Orc:1    | Found a roughly hewn altar of Beogh.
  2779 | Orc:1    | Killed from afar by an orc priest
  2780 | Orc:1    | Reached XP level 8. HP: 0/40 MP: 15/24
  2832 | Orc:1    | Reached skill level 5 in Transmutations
  2855 | Orc:1    | Reached XP level 9. HP: 24/43 MP: 16/16
  2892 | Orc:2    | Noticed an orc knight
  2917 | Orc:1    | Reached *** piety under Cheibriados
  3045 | D:11     | Shot with an arrow by a centaur

Skill      XL: |  1  2  3  4  5  6  7  8  9 |
---------------+----------------------------+-----
Dodging        | 3 4 5 7 |  7.0
Stealth        | 3 4 5 7 |  7.0
Earth Magic    | 3 4 5 |  5.5
Fighting       | 1 2 3 4 6 7 |  7.1
Unarmed Combat | 1 2 3 4 6 7 |  7.1
Transmutations | 2 3 4 5 |  5.0
Evocations     | 1 |  1.0
Spellcasting   | 3 4 |  4.1

Action                   |  1- 3 |  4- 6 |  7- 9 || total
-------------------------+-------+-------+-------++-------
Melee: Unarmed           |    25 |    66 |   157 ||   248
       Bite              |     2 |     9 |    21 ||    32
       Punch             |       |     1 |     3 ||     4
 Cast: Sandblast         |    27 |    40 |    61 ||   128
       Passwall          |     3 |     8 |    33 ||    44
       Petrify           |       |     5 |    45 ||    50
Evoke: Wand              |       |     1 |     2 ||     3
  Use: Potion            |     3 |     1 |     7 ||    11
       Scroll            |     2 |     8 |     7 ||    17
 Stab: Sleeping          |     7 |     5 |     3 ||    15
       Invisible         |     1 |       |       ||     1
       Petrified         |       |     6 |    56 ||    62
  Eat: Ration            |       |     1 |       ||     1
       Chunk             |       |     7 |    11 ||    18
Armor: Skin              |     3 |     4 |     4 ||    11
Dodge: Dodged            |    19 |    64 |   171 ||   254
